 Dungeon Crawl Stone Soup version 0.26-a0-812-g31a745ddcd (webtiles) character file.

Game seed: 5376047303777528783

5245 kae the Martial Artist (level 10, -10/47 HPs)
             Began as a Tengu Transmuter on Nov 24, 2020.
             Was a Believer of Wu Jian.
             Mangled by a centaur
             ... wielding a +0 halberd
              (15 damage)
             ... in a bailey.
             The game lasted 00:09:34 (14819 turns).

kae the Martial Artist (Tengu Transmuter)          Turns: 14819, Time: 00:09:35

Health: -10/47     AC:  2    Str: 14    XL:     10   Next: 62%
Magic:  11/16      EV: 30    Int: 13    God:    Wu Jian [**....]
Gold:   534        SH:  0    Dex: 20    Spells: 6/19 levels left

rFire    . . .     SeeInvis +     - Unarmed
rCold    . . .     Faith    .   (shield currently unavailable)
rNeg     . . .     Spirit   .   (armour currently unavailable)
rPois    x         Reflect  .   (helmet currently unavailable)
rElec    .         Harm     .   (cloak currently unavailable)
rCorr    .         Rampage  .   (gloves currently unavailable)
MR       .....     Rnd*Rage +   (boots unavailable)
Stlth    ++........             (no amulet)
HPRegen  0.15/turn              q - ring of see invisible
MPRegen  0.15/turn              (no ring)

@: spider-form, flying quickly and evasively, quick
A: tiny, berserk 1, frail 2, low mp 1, subdued magic 1, able to fly
a: Stop Flying, End Transformation, Wall Jump, Renounce Religion


You were in a bailey.
You worshipped Wu Jian.
Wu Jian was pleased with you.
You were a venomous arachnid creature.
You visited 2 branches of the dungeon, and saw 10 of its levels.
You also visited: Bailey.

You collected 624 gold pieces.
You spent 90 gold pieces at shops.

Inventory:

Armour
 a - a +1 robe (melded)
Jewellery
 q - a ring of see invisible (left front leg)
Wands
 f - a wand of flame (39)
 r - a wand of acid (6)
Scrolls
 b - a scroll of blinking
 c - a scroll of identify
 e - 2 scrolls of amnesia
 i - 9 scrolls of remove curse
 k - a scroll of enchant weapon
 o - 4 scrolls of teleportation
 u - 3 scrolls of fear
Potions
 d - 2 potions of haste
 g - 7 potions of flight
 h - a potion of brilliance
 j - a potion of resistance
 l - a potion of cancellation
 m - 2 potions of ambrosia
 n - 2 potions of lignification
 p - a potion of attraction
 t - 2 potions of berserk rage


   Skills:
 + Level 5.1 Fighting
 + Level 5.5 Armour
 + Level 6.1 Dodging
 * Level 8.9 Unarmed Combat
 + Level 5.1 Spellcasting
 * Level 6.4 Transmutations
 * Level 3.0 Ice Magic
 - Level 2.0 Poison Magic


You had 6 spell levels left.
You knew the following spells:

 Your Spells              Type           Power        Failure   Level
a - Beastly Appendage     Tmut           ###...       4%          1
b - Spider Form           Tmut/Pois      ##........   21%         3
c - Blade Hands           Tmut           ###.......   54%         5
d - Ice Form              Ice/Tmut       ##......     43%         4

Your spell library contained the following spells:

 Spells                   Type           Power        Failure   Level
 Wereblood                Tmut           ###.....     6%          2
 Freeze                   Ice            #...         13%         1
 Ensorcelled Hibernation  Hex/Ice        #.....       30%         2
 Frozen Ramparts          Ice            #.....       30%         3
 Ozocubu's Armour         Ice            #.......     30%         3
 Corona                   Hex            #......      34%         1
 Confusing Touch          Hex            #.......     67%         3
 Dazzling Flash           Conj/Hex       #.....       67%         3
 Tukima's Dance           Hex            #.......     67%         3
 Hailstorm                Conj/Ice       #.......     83%         4
 Summon Ice Beast         Ice/Summ       #.......     83%         4


Dungeon Overview and Level Annotations

Branches:
Dungeon (9/15)             Temple (1/1) D:4            Lair (0/6) D:8
 Bailey (1/1)
    Orc: D:9-12

Altars:
Ashenzari
Cheibriados
Dithmenos
Elyvilon
Fedhas
Gozag
Hepliaklqana
Kikubaaqudgha
Makhleb
Nemelex Xobeh
Okawaru
Qazlal
Ru
Sif Muna
Uskayaw
Vehumet
Wu Jian
Xom
Yredelemnul
Zin
The Shining One

Annotations:
D:3 1 runed translucent door, Zanta616's ghost, amateur HOMo


Innate Abilities, Weirdness & Mutations

((You have a beak for a mouth.))
((You have claws for feet.))
You can fly continuously.
You tend to lose your temper in combat.
You are very frail. (-20% HP)
Your magical capacity is low. (-10% MP)
Your spells are a little easier to cast, but a little less powerful.


Message History

The centaur barely misses you. The orc warrior completely misses you.
The centaur hits you with a +0 halberd.
You hit the centaur.
The centaur is lightly wounded.
The centaur misses you.
The orc warrior hits you from afar with a +0 spear.
The centaur completely misses you.
You hit the centaur.
The centaur is poisoned.
The centaur is moderately wounded.
The centaur closely misses you. The centaur completely misses you.
The orc warrior barely misses you.
You hit the centaur.
The centaur looks as sick as possible!
The centaur is lightly wounded.
The centaur hits you with a +0 trident!
* * * LOW HITPOINT WARNING * * *
The centaur misses you.
Your magical contamination has completely faded away.
The centaur completely misses you.
The centaur hits you from afar with a +0 halberd!
You die...

≈≈..⌠.⌠..≈)≈≈.≈.#.)'...((.≈≈≈≈≈≈≈
....∩∩∩..≈)...≈.#.)'.o..).≈≈≈o≈)(
≈≈..⌠.⌠..≈.≈≈.≈.#.)'.))(..≈≈≈≈≈≈≈
.≈≈≈...≈≈≈.≈.≈≈.#..#####...≈≈≈o≈≈
≈..≈≈≈≈≈..≈≈.≈)##..#≈≈)≈≈....≈≈≈≈
≈≈≈.....≈≈≈.≈≈)#⌠o.#≈≈≈)≈........
..≈≈≈≈≈≈≈..≈≈..#.cc#≈≈≈.≈≈.⌠.....
≈≈.......≈≈≈.⌠.#...#≈≈≈≈.≈.......
.≈≈≈≈≈≈≈≈≈....##s..#≈≈≈≈.≈≈≈.....
..........#####....#≈≈≈≈≈..≈≈≈...
'##########).......#≈≈≈≈≈≈≈..≈≈≈≈
..........)..)....###≈≈≈≈≈≈≈≈...
.............)...## ##≈≈≈≈≈≈≈≈≈
≈≈≈≈≈≈≈≈≈≈≈≈≈≈≈≈##
#################


You could see an orc warrior and 2 centaurs.

Vanquished Creatures
  Harold (D:8)
  Psyche (D:8)
  4 yaks
  A sky beast (D:7)
  7 orc warriors
  2 ice beasts (D:8)
  2 phantoms
  A black bear (D:9)
  An ogre (D:5)
  7 centaurs
  4 bullfrogs
  A scorpion (D:8)
  5 killer bees
  A water moccasin skeleton (D:4)
  3 howler monkeys (D:7)
  2 centaur zombies (D:5)
  A bullfrog zombie (D:5)
  2 orc priests
  7 orc wizards
  6 hounds
  A bullfrog skeleton (D:7)
  An iguana (D:4)
  6 worker ants
  A killer bee zombie (D:5)
  3 hound skeletons
  A worker ant zombie (D:6)
  10 adders
  5 gnolls
  A shadow imp (D:6)
  A white imp (D:5)
  2 oozes
  An adder zombie (D:6)
  A worm (D:1)
  A dart slug (D:1)
  6 leopard geckos
  47 orcs
  6 giant cockroaches
  7 goblins
  11 hobgoblins
  6 kobolds
  4 quokkas
  2 ball pythons
  10 bats
  8 frilled lizards
  A jackal skeleton (D:8)
  A jackal zombie (D:5)
  A quokka skeleton (D:5)
  A quokka zombie (D:5)
  7 rats
212 creatures vanquished.

Notes
Turn   | Place    | Note
-------+----------+-------------------------------------------
     0 | D:1      | kae the Tengu Transmuter began the quest for the Orb.
     0 | D:1      | Reached XP level 1. HP: 12/12 MP: 4/4
     4 | D:1      | Noticed a merfolk zombie
     9 | D:1      | Noticed a minotaur zombie
    15 | D:1      | Noticed a merfolk zombie
    21 | D:1      | Noticed a minotaur zombie
   405 | D:1      | Reached XP level 2. HP: 14/16 MP: 6/6
  1235 | D:1      | Reached XP level 3. HP: 20/20 MP: 7/7
  1240 | D:1      | Learned a level 3 spell: Spider Form
  2328 | D:2      | Found Zin's Purification Station.
  2333 | D:2      | Found a glowing silver altar of Zin.
  2336 | D:2      | Bought a potion of curing for 90 gold pieces
  2437 | D:3      | Reached skill level 1 in Armour
  2458 | D:3      | Reached XP level 4. HP: 15/25 MP: 4/8
  2825 | D:3      | Reached skill level 1 in Poison Magic
  3312 | D:3      | Found a runed translucent door.
  3366 | D:3      | Noticed Zanta616's ghost (amateur HOMo)
  3432 | D:4      | Reached skill level 4 in Unarmed Combat
  3468 | D:4      | Gained mutation: You can fly continuously. [Tengu growth]
  3468 | D:4      | Reached XP level 5. HP: 24/30 MP: 7/9
  4038 | D:4      | Found a radiant altar of Vehumet.
  4314 | D:4      | Reached XP level 6. HP: 28/35 MP: 3/10
  4434 | D:4      | Found a staircase to the Ecumenical Temple.
  4619 | Temple   | Entered the Ecumenical Temple
  4759 | Temple   | Became a worshipper of the Wu Jian Council
  4801 | D:5      | Entered Level 5 of the Dungeon
  5796 | D:5      | Reached XP level 7. HP: 30/40 MP: 10/12
  5932 | D:5      | Reached skill level 5 in Unarmed Combat
  6551 | D:5      | HP: 2/40 [bullfrog (1)]
  6558 | D:5      | Reached * piety under Wu Jian
  6944 | D:6      | Reached XP level 8. HP: 22/45 MP: 10/13
  7384 | D:6      | Reached skill level 6 in Unarmed Combat
  8954 | D:7      | Noticed a +0 hand axe
  8954 | D:7      | Noticed a +0 hand axe
  8957 | D:7      | Found a hide-covered altar of Uskayaw.
  9324 | D:7      | Found a snail-covered altar of Cheibriados.
  9508 | D:7      | Reached XP level 9. HP: 52/52 MP: 12/15
  9522 | D:7      | Reached skill level 7 in Unarmed Combat
  9989 | D:8      | Found a staircase to the Lair.
  9989 | D:8      | Noticed a death yak
  9989 | D:8      | Noticed a death yak
  9989 | D:8      | Noticed Harold
 10062 | D:8      | Noticed Psyche
 10095 | D:8      | Noticed a death yak
 10299 | D:6      | HP: 2/52 [poisoned by an orc wizard]
 10300 | D:6      | Reached skill level 5 in Transmutations
 11051 | D:7      | Learned a level 5 spell: Blade Hands
 11056 | D:7      | Learned a level 4 spell: Ice Form
 11066 | D:7      | Reached skill level 5 in Dodging
 11339 | D:8      | Reached ** piety under Wu Jian
 12026 | D:8      | Found an iron altar of Okawaru.
 12147 | D:8      | Reached skill level 8 in Unarmed Combat
 12244 | D:8      | Killed Harold
 12244 | D:8      | Reached skill level 5 in Armour
 12244 | D:8      | Reached skill level 1 in Ice Magic
 12244 | D:8      | Reached XP level 10. HP: 22/58 MP: 12/18
 12447 | D:8      | Killed Psyche
 12460 | D:7      | Gained mutation: You are frail. (-10% HP) [mutagenic glow]
 13055 | D:9      | Gained mutation: You are very frail. (-20% HP) [mutagenic
                  | glow]
 13066 | D:9      | Gained mutation: Your spells are a little easier to cast,
                  | but a little less powerful. [mutagenic glow]
 13079 | D:9      | Gained mutation: Your magical capacity is low. (-10% MP)
                  | [mutagenic glow]
 13116 | D:9      | Gained mutation: You tend to lose your temper in combat.
                  | [mutagenic glow]
 13176 | D:9      | Found a flagged portal.
 13185 | Bailey   | Entered a bailey
 13701 | Bailey   | Reached skill level 5 in Fighting
 13899 | Bailey   | Reached skill level 5 in Spellcasting
 14071 | Bailey   | Found the +5 scythe "Finisher" {speed, eviscerate}
 14819 | Bailey   | Mangled by a centaur

Illustrated notes

Levels and vault maps discovered:
D:1:      shiori_arrival_whats_in_store_for_you, layout_loops_ring
D:2:      layout_rooms, zin_purify
D:3:      layout_rooms, ebering_ghost_inner_flame,
          minmay_randomly_rotated_circles
D:4:      layout_cave_pools, lemuel_doored_altar, minmay_temple_entry_nine_rooms
D:5:      layout_loops_corners
D:6:      layout_loops_cross
D:7:      layout_basic, lemuel_crystal_altar, dancing_weapons_uskayaw
D:8:      layout_cave_pools, okawaru_altar_gauntlet_db, dpeg_lair_monsters,
          uniq_psyche, uniq_harold
D:9:      layout_basic, bloody_trog, enter_bailey_6
Temple:   eino_temple_rhombus
Bailey:   bailey_polearm_flooded_kennysheep, bailey

Skill      XL: |  1  2  3  4  5  6  7  8  9 10 |
---------------+-------------------------------+-----
Transmutations | 2 3 4 6 |  6.4
Armour         | 1 2 3 5 |  5.5
Poison Magic   | 1 2 |  2.0
Unarmed Combat | 4 5 6 8 |  8.9
Fighting       | 2 3 4 5 |  5.1
Dodging        | 3 4 5 6 |  6.1
Spellcasting   | 3 4 5 |  5.1
Ice Magic      | 1 3 |  3.0

Action                   |  1- 3 |  4- 6 |  7- 9 | 10-12 || total
-------------------------+-------+-------+-------+-------++-------
Melee: Unarmed           |   116 |   155 |   314 |   142 ||   727
       Headbutt          |     8 |    11 |     4 |       ||    23
       Peck              |    11 |    17 |    16 |     2 ||    46
       Kick              |    19 |    18 |    28 |    11 ||    76
       Punch             |       |     2 |     6 |     1 ||     9
 Cast: Beastly Appendage |    22 |    26 |     3 |       ||    51
       Spider Form       |     1 |     7 |    31 |    16 ||    55
       Blade Hands       |       |       |     3 |     3 ||     6
Invok: Lunge             |       |     5 |    18 |    20 ||    43
       Whirlwind         |       |       |     6 |    10 ||    16
 Abil: Fly               |       |     1 |       |       ||     1
Evoke: Wand              |       |       |     2 |       ||     2
  Use: Scroll            |       |     7 |    11 |     3 ||    21
       Potion            |       |     2 |     5 |     1 ||     8
 Stab: Sleeping          |     1 |     2 |     3 |     2 ||     8
Armor: Robe              |    23 |    14 |    11 |       ||    48
       Skin              |     2 |     3 |     4 |     2 ||    11
Dodge: Dodged            |    89 |   116 |   253 |   209 ||   667

Table legend: (Time is in decaauts)
 A = Elapsed time spent in this place.
 B = Non-inter-level travel time spent in this place.
 C = Inter-level travel time spent in this place.
 D = Time resting spent in this place.
 E = Time spent auto-exploring this place.
 F = Levels seen in this place.
 G = Mean time per level.
                   A        B        C        D        E       F      G
               +--------+--------+--------+--------+--------+-----+--------+
         Total |  14376 |  13773 |    603 |   2912 |   9014 |  11 | 1306.9 |
       Dungeon |  12650 |  12069 |    581 |   1919 |   8610 |   9 | 1405.6 |
        Temple |    136 |    114 |     22 |      0 |    112 |   1 |  136.0 |
        Bailey |   1589 |   1589 |      0 |    992 |    291 |   1 | 1589.0 |
               +--------+--------+--------+--------+--------+-----+--------+

Top non-repeatable levels by time:
     D:7: 2994 daAuts
     D:5: 2307 daAuts
     D:6: 1722 daAuts
     D:1: 1686 daAuts
  Bailey: 1589 daAuts
     D:4: 1196 daAuts
     D:3: 1032 daAuts
     D:8: 731 daAuts
     D:2: 669 daAuts
     D:9: 309 daAuts
  Temple: 136 daAuts
